 Dungeon Crawl Stone Soup version 0.28.0-62-gf88900778d (webtiles) character file.

Game seed: 8867665251622264912

111 cbfl8 the Chopper (level 4, 0/41 HPs)
             Began as a Minotaur Berserker on May 13, 2023.
             Was a Believer of Trog.
             Slain by a gnoll
             ... wielding a +0 flail
              (8 damage)
             ... on level 3 of the Dungeon.
             The game lasted 00:01:37 (2381 turns).

cbfl8 the Chopper (Minotaur Berserker)              Turns: 2381, Time: 00:01:38

Health: 0/41       AC:  5    Str: 21    XL:     4   Next: 62%
Magic:  3/3        EV:  9    Int:  4    God:    Trog [**....]
Gold:   164        SH:  9    Dex: 12    Spells: 3/3 levels left

rFire   . . .      SeeInvis .   a - +0 hand axe
rCold   . . .      Faith    .   b - +2 kite shield
rNeg    . . .      Spirit   .   h - +0 ring mail
rPois   .          Reflect  .   (helmet restricted)
rElec   .          Harm     .   (no cloak)
rCorr   .          Rampage  .   (no gloves)
Will    .....                   (no boots)
Stlth   +.........              g - amulet of regeneration
HPRegen 0.93/turn               (no ring)
MPRegen 0.08/turn               (no ring)

@: no status effects
A: horns 2, retaliatory headbutt
a: Renounce Religion, Berserk, Trog's Hand


You were on level 3 of the Dungeon.
You worshipped Trog.
Trog was pleased with you.
You visited 1 branch of the dungeon, and saw 3 of its levels.

You collected 164 gold pieces.

Inventory:

Hand Weapons
 a - a +0 hand axe (weapon)
Armour
 b - a +2 kite shield (worn)
 h - a +0 ring mail (worn)
Jewellery
 g - an amulet of regeneration (around neck)
Scrolls
 c - 2 scrolls of teleportation {unknown}
 e - a scroll of blinking {unknown}
 f - 2 scrolls of identify {unknown}
 i - a scroll of vulnerability {unknown}
 j - a scroll of enchant armour {unknown}
Potions
 d - a potion of attraction {unknown}
 k - a potion of brilliance {unknown}
 l - a potion of ambrosia {unknown}
 m - a potion of heal wounds {unknown}


   Skills:
 + Level 4.3 Fighting
 + Level 5.0 Axes
 + Level 2.7 Armour
 + Level 2.5 Dodging
 + Level 0.6 Shields
 * Level 1.6 Evocations


You had 3 spell levels left.
You didn't know any spells.
Your spell library was empty.

Dungeon Overview and Level Annotations

Branches:
Dungeon (3/15)

Altars:
Kikubaaqudgha


Innate Abilities, Weirdness & Mutations

You have a pair of horns on your head.
You reflexively headbutt those who attack you in melee.


Message History

You block the gnoll's attack. x2; The gnoll barely misses you.
The gnoll hits you with a +0 flail!
Unknown command.
You barely miss the gnoll. x2; The gnoll hits you with a +0 flail!
The gnoll hits you with a +0 flail.
Unknown command.
You hit the gnoll.
The gnoll is lightly wounded.
You closely miss the gnoll. The gnoll barely misses you.
You block the gnoll's attack.
Unknown command.
You hit the gnoll but do no damage.
The gnoll is lightly wounded.
You hit the gnoll but do no damage. The gnoll hits you with a +0 flail.
The gnoll closely misses you.
Unknown command.
You slash the gnoll!
The gnoll is almost dead.
You hit the gnoll but do no damage. You block the gnoll's attack.
The gnoll hits you with a +0 flail. x3
Unknown command.
You are too injured to fight recklessly!
Unknown command.
You hit the gnoll but do no damage.
The gnoll is almost dead.
You hit the gnoll. The gnoll hits you with a +0 flail.
* * * LOW HITPOINT WARNING * * *
You block the gnoll's attack.
You hit the gnoll.
You kill the gnoll!
Trog accepts your kill.
You hit the gnoll. The gnoll hits you with a +0 flail!
* * * LOW HITPOINT WARNING * * *
You barely miss the gnoll.
The gnoll is moderately wounded.
You block the gnoll's attack.
You hit the gnoll but do no damage. You headbutt the gnoll!
The gnoll is almost dead.
The gnoll hits you with a +0 flail!
You die...

# ## .############ #
............## ..#
.......####..# #....
.....).####..#####......
................@)......
.(.....#.........g##....
...........###....# .
.....^...### #.####
.......#.## #.# #
.......#..# #.##..
#########.####.#..#####
......................
#########†......##..#


You could see a gnoll.

Vanquished Creatures
  2 gnolls (D:3)
  3 adders
  A dart slug (D:3)
  3 orcs (D:3)
  4 endoplasms
  2 giant cockroaches
  2 goblins (D:1)
  5 hobgoblins
  6 jackals (D:1)
  8 kobolds
  2 quokkas (D:2)
  3 ball pythons
  6 bats
  5 frilled lizards
  8 rats
60 creatures vanquished.

Notes
Turn   | Place    | Note
-------+----------+-------------------------------------------
     0 | D:1      | cbfl8 the Minotaur Berserker began the quest for the Orb.
     0 | D:1      | Reached XP level 1. HP: 19/19 MP: 0/0
   210 | D:1      | Reached skill level 4 in Axes
   210 | D:1      | Reached XP level 2. HP: 22/27 MP: 1/1
   606 | D:1      | Reached skill level 1 in Evocations
   792 | D:1      | Found a faded altar of an unknown god.
  1014 | D:1      | Reached XP level 3. HP: 33/33 MP: 2/2
  1217 | D:2      | Reached ** piety under Trog
  2111 | D:3      | Reached XP level 4. HP: 37/40 MP: 3/3
  2131 | D:3      | Found an ancient bone altar of Kikubaaqudgha.
  2372 | D:3      | Reached skill level 5 in Axes
  2381 | D:3      | Slain by a gnoll

Illustrated notes

Levels and vault maps discovered:
D:1:      evilmike_arrival_plus, layout_loops_ring,
          dreamdust_ecumenical_altar_hidden_monk_grotto
D:2:      layout_loops_ring, kennysheep_cluttered_room, grunt_ministairs_4,
          grunt_decor_arrowhead
D:3:      layout_rooms, lemuel_doored_altar, portal_sewer_entry_e

Skill      XL: |  1  2  3  4 |
---------------+-------------+-----
Axes           | 4 5 |  5.0
Fighting       | 4 |  4.3
Evocations     | 1 |  1.6
Armour         | |  2.7
Dodging        | |  2.5
Shields        | |  0.6

Action                   |  1- 3 |  4- 6 || total
-------------------------+-------+-------++-------
Melee: Hand axe          |   108 |    35 ||   143
       Headbutt          |     9 |     6 ||    15
       Punch             |     1 |       ||     1
Armor: Animal skin       |    13 |       ||    13
       Ring mail         |    17 |     1 ||    18
Dodge: Dodged            |    71 |    11 ||    82
Block: Kite shield       |    24 |    19 ||    43
